 Dungeon Crawl Stone Soup version 0.27.1 (webtiles) character file.

Game seed: 14857441601732187552

206 Renzlar the Shield-Bearer (level 5, -4/47 HPs)
             Began as a Gnoll Fighter on Aug 24, 2021.
             Slain by a kobold brigand (8 damage)
             ... in a sewer.
             The game lasted 00:11:01 (2593 turns).

Renzlar the Shield-Bearer (Gnoll Fighter)           Turns: 2593, Time: 00:11:01

Health: -4/47      AC:  7    Str: 17    XL:     5   Next: 84%
Magic:  7/7        EV:  8    Int:  7    God:
Gold:   106        SH: 10    Dex: 11    Spells: 7/7 levels left

rFire    . . .     SeeInvis .   a - +0 war axe
rCold    . . .     Faith    .   c - +0 kite shield
rNeg     . . .     Spirit   .   b - +0 scale mail
rPois    +         Reflect  .   (no helmet)
rElec    .         Harm     .   (no cloak)
rCorr    .         Rampage  .   (no gloves)
Will     .....                  (no boots)
Stlth    ..........             (no amulet)
HPRegen  0.15/turn              l - ring of poison resistance
MPRegen  0.10/turn              o - ring of wizardry

@: no status effects
A: fangs 1, strong nose, distributed training
a: no special abilities


You were in a sewer.
You visited 1 branch of the dungeon, and saw 3 of its levels.
You also visited: Sewer.

You collected 106 gold pieces.

Inventory:

Hand Weapons
 a - a +0 war axe (weapon)
 h - a +0 dagger
 n - a +0 hand crossbow
Missiles
 e - 92 stones (quivered)
 i - 4 javelins
 k - 18 sling bullets
 m - 8 poisoned darts
 p - 17 bolts
Armour
 b - a +0 scale mail (worn)
 c - a +0 kite shield (worn)
Jewellery
 l - a ring of poison resistance (left hand)
 o - a ring of wizardry (right hand)
Scrolls
 q - a scroll of enchant armour {unknown}
Potions
 d - 2 potions of might
 f - a potion of brilliance {unknown}
 g - a potion of heal wounds
 j - a potion of curing
 r - 3 potions of haste
 s - a potion of cancellation


   Skills:
 + Level 6.7 Fighting
 + Level 1.6 Short Blades
 + Level 1.6 Long Blades
 + Level 4.8 Axes
 + Level 1.6 Maces & Flails
 + Level 1.6 Polearms
 + Level 1.6 Staves
 + Level 1.6 Slings
 + Level 1.6 Bows
 + Level 1.6 Crossbows
 + Level 1.6 Throwing
 + Level 6.7 Armour
 + Level 1.6 Dodging
 + Level 1.6 Stealth
 + Level 6.7 Shields
 + Level 1.6 Unarmed Combat
 + Level 1.6 Spellcasting
 + Level 1.3 Conjurations
 + Level 1.3 Hexes
 + Level 1.3 Summonings
 + Level 1.3 Necromancy
 + Level 1.3 Translocations
 + Level 1.3 Transmutations
 + Level 1.3 Fire Magic
 + Level 1.3 Ice Magic
 + Level 1.3 Air Magic
 + Level 1.3 Earth Magic
 + Level 1.3 Poison Magic
 + Level 1.9 Invocations
 + Level 1.6 Evocations


You had 7 spell levels left.
You didn't know any spells.
Your spell library contained the following spells:

 Spells                   Type           Power      Damage    Failure   Level
 Slow                     Hex            2%         N/A       71%         2
 Confusing Touch          Hex            2%         N/A       90%         3
 Gell's Gravitas          Tloc           1%         N/A       90%         3
 Teleport Other           Tloc           2%         N/A       90%         3
 Vampiric Draining        Necr           1%         2d6       90%         3
 Dispersal                Tloc           1%         N/A       100%        6


Dungeon Overview and Level Annotations

Branches:
Dungeon (3/15)              Sewer (1/1)

Altars:
Hepliaklqana

Shops:
D:2 =


Innate Abilities, Weirdness & Mutations

You have very sharp teeth.
Your uncanny sense of smell can sniff out nearby items.
Your experience applies equally to all skills.


Message History

You block the kobold's attack. The kobold brigand closely misses you.
The kobold brigand barely misses you. You block the kobold's attack.
You slash the kobold brigand!
The kobold brigand is severely wounded.
You hit the kobold. You closely miss the kobold brigand.
You feel sick.
You are no longer poisoned.
The kobold brigand hits you but does no damage.
You block the kobold brigand's attack. The kobold hits you but does no damage.
Unknown command.
You hit the kobold brigand but do no damage.
The kobold brigand is severely wounded.
You barely miss the kobold. You completely miss the kobold brigand.
You block the kobold brigand's attack. The kobold brigand closely misses you.
The kobold hits you but does no damage. The kobold brigand barely misses you.
The kobold brigand hits you with a +0 whip.
The kobold closely misses you.
You slash the kobold brigand!
The kobold brigand is almost dead.
You hit the kobold brigand but do no damage.
You slash the kobold!
You kill the kobold!
The kobold brigand hits you with a +0 whip. x2
Unknown command.
You barely miss the kobold brigand. Your bite misses the kobold brigand.
The kobold brigand is almost dead.
You hit the kobold brigand.
The kobold brigand hits you with a +0 whip.
* * * LOW HITPOINT WARNING * * *
You block the kobold brigand's attack.
Unknown command.
You barely miss the kobold brigand.
The kobold brigand is almost dead.
You closely miss the kobold brigand.
The kobold brigand hits you with a +0 whip.
* * * LOW HITPOINT WARNING * * *
The kobold brigand barely misses you.
The kobold brigand hits you with a +0 whip.
* * * LOW HITPOINT WARNING * * *
The kobold brigand hits you with a +0 whip!
You die...

P........≈≈≈≈P.#..).#...#
###########≈≈########'###
≈≈≈≈≈≈≈≈≈≈≈≈≈≈≈≈≈≈≈≈#
≈≈≈≈≈≈≈≈≈≈≈≈≈≈≈≈≈≈≈≈≈#
≈≈≈≈≈≈≈≈≈≈≈≈≈≈≈≈≈≈≈≈≈#
#####≈≈≈#################
..≈≈≈P≈≈P≈≈....#.?!.#
.≈≈≈..≈≈≈≈.....).?∩.#
.....P..P......K@K..#
...............#)...#
...............######
..............##
...##.........#
..####..####### ### ####


You could see 2 kobold brigands.

Vanquished Creatures
  A kobold brigand (Sewer)
  3 adders
  3 worms (D:3)
  2 dart slugs (D:1)
  2 bats
  5 endoplasms
  5 giant cockroaches
  9 goblins
  10 hobgoblins
  3 jackals (D:1)
  4 quokkas
  8 ball pythons
  7 frilled lizards
  19 kobolds
  10 rats
91 creatures vanquished.

Vanquished Creatures (others)
  A fungus (Sewer)
  2 plants (Sewer)
  4 toadstools (D:1)
7 creatures vanquished.

Grand Total: 98 creatures vanquished

Notes
Turn   | Place    | Note
-------+----------+-------------------------------------------
     0 | D:1      | Renzlar the Gnoll Fighter began the quest for the Orb.
     0 | D:1      | Reached XP level 1. HP: 23/23 MP: 1/1
    50 | D:1      | Reached XP level 2. HP: 29/29 MP: 2/2
   221 | D:1      | Reached XP level 3. HP: 32/35 MP: 3/3
   577 | D:1      | Reached skill level 1 in Invocations
   799 | D:2      | Found Qodoaxt's Jewellery Emporium.
   936 | D:2      | Found a hazy altar of Hepliaklqana.
   991 | D:2      | Reached skill level 1 in Short Blades
   991 | D:2      | Reached skill level 1 in Long Blades
   991 | D:2      | Reached skill level 1 in Maces & Flails
   991 | D:2      | Reached skill level 1 in Polearms
   991 | D:2      | Reached skill level 1 in Staves
   991 | D:2      | Reached skill level 1 in Slings
   991 | D:2      | Reached skill level 1 in Bows
   991 | D:2      | Reached skill level 1 in Crossbows
   991 | D:2      | Reached skill level 1 in Throwing
   991 | D:2      | Reached skill level 1 in Dodging
   991 | D:2      | Reached skill level 1 in Stealth
   991 | D:2      | Reached skill level 1 in Unarmed Combat
   991 | D:2      | Reached skill level 1 in Spellcasting
   991 | D:2      | Reached skill level 1 in Evocations
  1092 | D:2      | Reached XP level 4. HP: 37/41 MP: 5/5
  1946 | D:3      | Reached skill level 1 in Conjurations
  1946 | D:3      | Reached skill level 1 in Hexes
  1946 | D:3      | Reached skill level 1 in Summonings
  1946 | D:3      | Reached skill level 1 in Necromancy
  1946 | D:3      | Reached skill level 1 in Translocations
  1946 | D:3      | Reached skill level 1 in Transmutations
  1946 | D:3      | Reached skill level 1 in Fire Magic
  1946 | D:3      | Reached skill level 1 in Ice Magic
  1946 | D:3      | Reached skill level 1 in Air Magic
  1946 | D:3      | Reached skill level 1 in Earth Magic
  1946 | D:3      | Reached skill level 1 in Poison Magic
  2229 | D:3      | Reached XP level 5. HP: 32/47 MP: 6/6
  2244 | D:3      | Found a glowing drain.
  2248 | Sewer    | Entered a sewer
  2333 | Sewer    | Noticed a kobold brigand
  2343 | Sewer    | Killed a kobold brigand
  2582 | Sewer    | Noticed a kobold brigand
  2582 | Sewer    | Noticed a kobold brigand
  2593 | Sewer    | Slain by a kobold brigand

Illustrated notes

Levels and vault maps discovered:
D:1:      ldierk_walled_garden_2, layout_rooms, st_stairs_7
D:2:      layout_basic, serial_shops, shop, basic_altar
D:3:      layout_basic, gup_sewer_entry_spiral, st_stairs_10
Sewer:    kennysheep_pipe_town

Skill      XL: |  1  2  3  4 |
---------------+-------------+-----
Invocations    | 1 |  1.9
Short Blades   | 1 |  1.6
Long Blades    | 1 |  1.6
Maces & Flails | 1 |  1.6
Polearms       | 1 |  1.6
Staves         | 1 |  1.6
Slings         | 1 |  1.6
Bows           | 1 |  1.6
Crossbows      | 1 |  1.6
Throwing       | 1 |  1.6
Dodging        | 1 |  1.6
Stealth        | 1 |  1.6
Unarmed Combat | 1 |  1.6
Spellcasting   | 1 |  1.6
Evocations     | 1 |  1.6
Conjurations   | 1 |  1.3
Hexes          | 1 |  1.3
Summonings     | 1 |  1.3
Necromancy     | 1 |  1.3
Translocations | 1 |  1.3
Transmutations | 1 |  1.3
Fire Magic     | 1 |  1.3
Ice Magic      | 1 |  1.3
Air Magic      | 1 |  1.3
Earth Magic    | 1 |  1.3
Poison Magic   | 1 |  1.3
Fighting       | |  6.7
Axes           | |  4.8
Armour         | |  6.7
Shields        | |  6.7

Action                   |  1- 3 |  4- 6 || total
-------------------------+-------+-------++-------
Melee: War axe           |   102 |   156 ||   258
       Bite              |    10 |    13 ||    23
Throw: Stone             |    25 |     6 ||    31
  Use: Scroll            |       |     8 ||     8
Armor: Scale mail        |    29 |    54 ||    83
Dodge: Dodged            |    28 |    46 ||    74
Block: Kite shield       |    50 |    82 ||   132
